 Dungeon Sprint DCSS version 0.31-a0-408-gb642c7f9a3 (webtiles) character file.

Game seed: 9732450444476906039

298 zazu2006 the Blocker (level 9, -8/70 (78) HPs)
             Began as a Gnoll Wanderer on July 29, 2023.
             Was a High Priest of Vehumet.
             Splashed by a goliath frog's acid (9 damage)
             ... called by a spriggan druid
             ... in the Dungeon (Sprint VI: "Thunderdome").
             The game lasted 00:08:19 (555 turns).

zazu2006 the Blocker (Gnoll Wanderer)                Turns: 555, Time: 00:08:20

HP:   -8/70 (78)    AC:  4    Str: 14    XL:     9   Next: 5%
MP:   0/19          EV: 17    Int: 16    God:    Vehumet [*****.]
Gold: 133           SH:  9    Dex: 18    Spells: 17/22 levels left

rFire   . . .        q - +1 mace (protect)
rCold   . . .        f - +2 buckler
rNeg    + . .        e - +0 robe
rPois   .            (no helmet)
rElec   .            (no cloak)
rCorr   .            (no gloves)
SInv    .            c - +0 pair of boots
Will    .....        t - amulet "Xeroyc" {Spirit +Inv Dex+2}
Stlth   ++++         s - ring of Jaczucse {rN+ Str+2}
HPRegen 0.31/turn    u - ring "Daxom" {Fly Int+5}
MPRegen 0.16/turn

%: no teleportation, guardian spirit
@: on berserk cooldown, flying, slowed, heavily drained, very slow
A: fangs 1, strong nose, distributed training
a: Renounce Religion, Evoke Invisibility


You were in the Dungeon.
You worshipped Vehumet.
Vehumet was extremely pleased with you.
You visited 1 branch You collected 600 gold pieces.
You spent 467 gold pieces at shops.

Inventory:

Hand Weapons
 a - a +0 dagger
 q - a +1 mace of protection (weapon)
Armour
 c - a +0 pair of boots (worn)
 e - a +0 robe (worn)
 f - a +2 buckler (worn)
 m - the +2 buckler of Cutwutu {rF++ rN+ Str-3 Dex+4}
   (You bought it in a shop in the Dungeon)

   Str:       It affects your strength (-3).
   Dex:       It affects your dexterity (+4).
   rF:        It greatly protects you from fire.
   rN:        It protects you from negative energy.
 r - a +0 leather armour
Jewellery
 s - the ring of Jaczucse (left hand) {rN+ Str+2}
   (You bought it in a shop in the Dungeon)

   [ring of positive energy]

   Str:       It affects your strength (+2).
   rN:        It protects you from negative energy.
 t - the amulet "Xeroyc" (around neck) {Spirit +Inv Dex+2}
   (You bought it in a shop in the Dungeon)

   [amulet of guardian spirit]

   It causes incoming damage to be divided between your reserves of health and
   magic.
   Dex:       It affects your dexterity (+2).
   +Inv:      It lets you turn invisible.
 u - the ring "Daxom" (right hand) {Fly Int+5}
   (You bought it in a shop in the Dungeon)

   [ring of flight]

   Int:       It affects your intelligence (+5).
   Fly:       It grants you flight.
Wands
 n - a wand of light (1)
Scrolls
 b - a scroll of teleportation
 l - 2 scrolls of blinking
 p - 3 scrolls of fog
Potions
 g - a potion of curing
 i - 4 potions of haste
 j - a potion of magic


   Skills:
 + Level 9.9 Fighting
 + Level 7.2 Short Blades
 + Level 7.2 Long Blades
 + Level 7.2 Axes
 + Level 7.2 Maces & Flails
 + Level 7.2 Polearms
 + Level 7.2 Staves
 + Level 7.2 Ranged Weapons
 + Level 7.2 Throwing
 + Level 7.8 Armour
 + Level 8.7 Dodging
 + Level 7.2 Stealth
 + Level 11.2 Shields
 + Level 7.2 Unarmed Combat
 + Level 7.2 Spellcasting
 + Level 6.0 Conjurations
 + Level 6.0 Hexes
 + Level 6.0 Summonings
 + Level 6.0 Necromancy
 + Level 6.0 Translocations
 + Level 6.0 Transmutations
 + Level 6.0 Fire Magic
 + Level 6.0 Ice Magic
 + Level 6.0 Air Magic
 + Level 6.0 Earth Magic
 + Level 6.0 Poison Magic
 + Level 8.0 Invocations
 + Level 7.2 Evocations
 + Level 6.0 Shapeshifting


You had 17 spell levels left.
You knew the following spells:

 Your Spells              Type           Power      Damage    Failure   Level
a - Poisonous Vapours     Pois/Air       50%        N/A       1%          2
b - Stone Arrow           Conj/Erth      50%        3d10      1%          3

Your spell library contained the following spells:

 Spells                   Type           Power      Damage    Failure   Level
 Hailstorm                Conj/Ice       25%        3d7       1%          3


Dungeon Overview and Level Annotations

Branches:
Dungeon (1/1)

Altars:
Cheibriados
Dithmenos
Fedhas
Gozag
Kikubaaqudgha
Makhleb
Okawaru
Qazlal
Ru
Sif Muna
Trog
Uskayaw
Vehumet
Wu Jian
Xom
Yredelemnul
Zin
The Shining One
Lugonu

Shops:
D *[=??*?*:[((!!!!


Innate Abilities, Weirdness & Mutations

You have very sharp teeth.
Your uncanny sense of smell can sniff out nearby items.
Your experience applies equally to all skills.


Message History

The goliath frog is engulfed in noxious fumes.
The goliath frog appears confused.
The vampire mosquito completely misses you.
The goliath frog is engulfed in noxious fumes.
Casting: Stone Arrow (safe; 1% risk of failure)
Confirm with . or Enter, or press ? or * to list all spells.
You don't have enough magic to cast this spell.
You hit the vampire mosquito but do no damage.
Your weapon exudes an aura of protection.
The vampire mosquito is heavily damaged.
You block the vampire mosquito's attack.
The vampire mosquito barely misses you.
The goliath frog is engulfed in noxious fumes.
The vampire mosquito bites you.
The vampire mosquito draws strength from your injuries!
You hear some strange, mumbled words.
A six-headed hydra appears.
The goliath frog barely misses the bog body.
The goliath frog seems less confused.
You block the vampire mosquito's attack.
The vampire mosquito bites you!
The vampire mosquito draws strength from your injuries!
The will-o-the-wisp gestures.
The will-o-the-wisp conjures some foxfire!
You block the vampire mosquito's attack. 2 foxfires come into view.
Unknown command.
You closely miss the vampire mosquito.
The vampire mosquito is moderately damaged.
The vampire mosquito bites you.
The vampire mosquito draws strength from your injuries!
The goliath frog hits you from afar!!
* * * LOW HITPOINT WARNING * * *
You are splashed with acid!
* * * LOW HITPOINT WARNING * * *
The vampire mosquito bites you but does no damage.
The goliath frog hits you from afar!
* * * LOW HITPOINT WARNING * * *
You are splashed with acid!
You die...

######.8.........8.##
##∩___......###......v
###∩........8.# #.8...).
##.........[...###...)...
#⌠..........###...###....
#⌠.......)..# #.<.# #.§..
#⌠..........###...###....
##.......y.....###.......
###∩...@nD.)8.# #.8.....
##∩___.F...)###.Fn..._
######.8§[....°v.8.##
#⌠vv§....°v..⌠#
###§§§....v.###
#..§§...._# #_..§..{..#
#.........# #∩.......∩#


You could see a six-headed hydra (summoned), a goliath frog, a will-o-the-wisp,
a bog body and a vampire mosquito.

Vanquished Creatures
  A spriggan druid (D)
  4 fire bats (D)
  2 fire elementals (D)
  Blork the orc (D)
  7 vampire bats (D)
  2 orc priests (D)
  8 orcs (D)
25 creatures vanquished.

Vanquished Creatures (others)
  6 foxfires (D)
6 creatures vanquished.

Grand Total: 31 creatures vanquished

Notes
Turn   | Place    | Note
-------+----------+-------------------------------------------
     0 | D        | zazu2006 the Gnoll Wanderer began the quest for the Orb.
     0 | D        | zazu2006 set off with the following items: a +0 dagger, a
                  | scroll of teleportation, a +0 pair of boots, a scroll of
                  | summoning, a +0 robe, a +2 buckler, a potion of curing, a
                  | potion of heal wounds, a potion of haste, 2 potions of
                  | magic, a potion of berserk rage, a scroll of blinking.
     0 | D        | Reached XP level 1. HP: 23/23 MP: 1/1
     3 | D        | Found a sacrificial altar of Ru.
     4 | D        | Found a hide-covered altar of Uskayaw.
     4 | D        | Found an ornate altar of the Wu Jian Council.
     5 | D        | Found a bloodstained altar of Trog.
     5 | D        | Found a shadowy altar of Dithmenos.
     6 | D        | Found Poth's Timeless Talismans.
     6 | D        | Found an iron altar of Okawaru.
     6 | D        | Found a blossoming altar of Fedhas.
     6 | D        | Found Tas Uxun's Identification Station.
     7 | D        | Found a stormy altar of Qazlal.
     7 | D        | Round 1.
     8 | D        | Found a burning altar of Makhleb.
     8 | D        | Found a shimmering altar of Xom.
     8 | D        | Found an ancient bone altar of Kikubaaqudgha.
     8 | D        | Found Xiafo's Magic Scroll Shop.
     8 | D        | Found Hocin's Staff Store.
    13 | D        | Found a shimmering blue altar of Sif Muna.
    13 | D        | Found a radiant altar of Vehumet.
    14 | D        | Found a glowing silver altar of Zin.
    16 | D        | Found an opulent altar of Gozag.
    16 | D        | Found Vosih's Weapon Rack.
    16 | D        | Found Zohepamn's Premium Goods.
    17 | D        | Found a glowing golden altar of the Shining One.
    17 | D        | Found Waproc's Basic Armour.
    17 | D        | Found Cunke's Miscellaneous Merchandise.
    21 | D        | Became a worshipper of Vehumet
    40 | D        | Reached skill level 1 in Invocations
    41 | D        | Found Buosom's Advanced Armour.
    41 | D        | Found Jairadum's Jewellery.
    44 | D        | Noticed Blork the orc
    55 | D        | Reached * piety under Vehumet
    55 | D        | Offered knowledge of Kiss of Death by Vehumet.
    56 | D        | Reached skill level 1 in Short Blades
    56 | D        | Reached skill level 1 in Long Blades
    56 | D        | Reached skill level 1 in Axes
    56 | D        | Reached skill level 1 in Maces & Flails
    56 | D        | Reached skill level 1 in Polearms
    56 | D        | Reached skill level 1 in Staves
    56 | D        | Reached skill level 1 in Ranged Weapons
    56 | D        | Reached skill level 1 in Throwing
    56 | D        | Reached skill level 1 in Stealth
    56 | D        | Reached skill level 1 in Unarmed Combat
    56 | D        | Reached skill level 1 in Spellcasting
    56 | D        | Reached skill level 1 in Evocations
    58 | D        | Killed Blork the orc
    59 | D        | Reached skill level 5 in Dodging
    59 | D        | Reached skill level 9 in Shields
    59 | D        | Reached XP level 2. HP: 12/31 MP: 2/5
    59 | D        | Reached XP level 3. HP: 14/36 MP: 2/6
    59 | D        | Reached XP level 4. HP: 17/43 MP: 2/7
    67 | D        | Found Sudiyq's Magic Scroll Shop.
    67 | D        | Found Panul's Must-Have Magic.
    70 | D        | Found a basalt altar of Yredelemnul.
    71 | D        | Found a corrupted altar of Lugonu.
    72 | D        | Found a snail-covered altar of Cheibriados.
    73 | D        | Found Yda Yky's Distillery.
    73 | D        | Found Zaruapt's Do-It-Yourself Clinic.
    74 | D        | Found Dekued's Distillery.
    74 | D        | Found Urheloj's Bottled Wisdom.
    94 | D        | Arena points: 12 (+12) [x2]
   102 | D        | Bought a bound turquoise ring for 45 gold pieces
   102 | D        | Identified the ring of Jaczucse {rN+ Str+2} (You bought it
                  | in a shop in the Dungeon)
   102 | D        | Bought a shimmering amethyst amulet for 45 gold pieces
   102 | D        | Identified the amulet "Xeroyc" {Spirit +Inv Dex+2} (You
                  | bought it in a shop in the Dungeon)
   102 | D        | Bought a clouded amber ring for 45 gold pieces
   102 | D        | Identified the ring "Daxom" {Fly Int+5} (You bought it in a
                  | shop in the Dungeon)
   142 | D        | Round 2.
   145 | D        | Reached ** piety under Vehumet
   180 | D        | Reached XP level 5. HP: 19/48 MP: 1/10
   183 | D        | Reached *** piety under Vehumet
   201 | D        | Arena points: 54 (+42) [x3]
   219 | D        | Round 3.
   220 | D        | Noticed a fire bat
   223 | D        | Noticed a fire bat
   224 | D        | Noticed a fire bat
   231 | D        | Noticed a fire elemental
   239 | D        | Killed a fire bat
   239 | D        | Offered knowledge of Poisonous Vapours by Vehumet.
   239 | D        | Killed a fire elemental
   240 | D        | Reached skill level 5 in Short Blades
   240 | D        | Reached skill level 5 in Long Blades
   240 | D        | Reached skill level 5 in Axes
   240 | D        | Reached skill level 5 in Maces & Flails
   240 | D        | Reached skill level 5 in Polearms
   240 | D        | Reached skill level 5 in Staves
   240 | D        | Reached skill level 5 in Ranged Weapons
   240 | D        | Reached skill level 5 in Throwing
   240 | D        | Reached skill level 5 in Armour
   240 | D        | Reached skill level 5 in Stealth
   240 | D        | Reached skill level 10 in Shields
   240 | D        | Reached skill level 5 in Unarmed Combat
   240 | D        | Reached skill level 5 in Spellcasting
   240 | D        | Reached skill level 5 in Invocations
   240 | D        | Reached skill level 5 in Evocations
   240 | D        | Reached XP level 6. HP: 34/57 MP: 8/13
   243 | D        | Learned a level 2 spell: Poisonous Vapours
   246 | D        | Noticed a fire bat
   257 | D        | Killed a fire bat
   257 | D        | Offered knowledge of Stone Arrow by Vehumet.
   257 | D        | Reached **** piety under Vehumet
   258 | D        | Reached XP level 7. HP: 44/63 MP: 5/15
   267 | D        | Killed a fire bat
   275 | D        | Noticed a fire elemental
   279 | D        | Killed a fire elemental
   280 | D        | Reached skill level 5 in Conjurations
   280 | D        | Reached skill level 5 in Hexes
   280 | D        | Reached skill level 5 in Summonings
   280 | D        | Reached skill level 5 in Necromancy
   280 | D        | Reached skill level 5 in Translocations
   280 | D        | Reached skill level 5 in Transmutations
   280 | D        | Reached skill level 5 in Fire Magic
   280 | D        | Reached skill level 5 in Ice Magic
   280 | D        | Reached skill level 5 in Air Magic
   280 | D        | Reached skill level 5 in Earth Magic
   280 | D        | Reached skill level 5 in Poison Magic
   280 | D        | Reached skill level 5 in Shapeshifting
   280 | D        | Killed a fire bat
   280 | D        | Arena points: 138 (+84) [x4]
   281 | D        | Reached XP level 8. HP: 35/71 MP: 11/17
   288 | D        | Learned a level 3 spell: Stone Arrow
   298 | D        | Round 4.
   324 | D        | Offered knowledge of Inner Flame by Vehumet.
   338 | D        | Reached ***** piety under Vehumet
   423 | D        | Arena points: 298 (+160) [x5]
   437 | D        | Bought a faintly glowing buckler for 332 gold pieces
   437 | D        | Identified the +2 buckler of Cutwutu {rF++ rN+ Str-3 Dex+4}
                  | (You bought it in a shop in the Dungeon)
   475 | D        | Round 5.
   530 | D        | Noticed a spriggan druid
   534 | D        | Noticed a will-o-the-wisp
   536 | D        | Noticed a goliath frog
   537 | D        | Killed a spriggan druid
   537 | D        | Offered knowledge of Hailstorm by Vehumet.
   538 | D        | Reached skill level 11 in Shields
   538 | D        | Reached XP level 9. HP: 78/78 MP: 9/19
   538 | D        | Noticed a bog body
   544 | D        | Noticed a witch
   554 | D        | Noticed a six-headed hydra
   555 | D        | HP: 1/70 [goliath frog[a spriggan druid] (8)]
   555 | D        | Splashed by a goliath frog's acid

Illustrated notes

Levels and vault maps discovered:
D:        arena_sprint

Skill      XL: |  1  2  3  4  5  6  7  8 |
---------------+-------------------------+-----
Invocations    | 2 3 5 6 8 |  8.0
Short Blades   | 2 3 5 6 7 |  7.2
Long Blades    | 2 3 5 6 7 |  7.2
Axes           | 2 3 5 6 7 |  7.2
Maces & Flails | 2 3 5 6 7 |  7.2
Polearms       | 2 3 5 6 7 |  7.2
Staves         | 2 3 5 6 7 |  7.2
Ranged Weapons | 2 3 5 6 7 |  7.2
Throwing       | 2 3 5 6 7 |  7.2
Stealth        | 2 3 5 6 7 |  7.2
Unarmed Combat | 2 3 5 6 7 |  7.2
Spellcasting   | 2 3 5 6 7 |  7.2
Evocations     | 2 3 5 6 7 |  7.2
Fighting       | 7 8 9 |  9.9
Armour         | 3 4 5 6 7 |  7.8
Dodging        | 5 6 7 8 |  8.7
Shields        | 9 10 11 | 11.2
Conjurations   | 2 4 5 6 |  6.0
Hexes          | 2 4 5 6 |  6.0
Summonings     | 2 4 5 6 |  6.0
Necromancy     | 2 4 5 6 |  6.0
Translocations | 2 4 5 6 |  6.0
Transmutations | 2 4 5 6 |  6.0
Fire Magic     | 2 4 5 6 |  6.0
Ice Magic      | 2 4 5 6 |  6.0
Air Magic      | 2 4 5 6 |  6.0
Earth Magic    | 2 4 5 6 |  6.0
Poison Magic   | 2 4 5 6 |  6.0
Shapeshifting  | 2 4 5 6 |  6.0

Action                     |  1- 3 |  4- 6 |  7- 9 || total
---------------------------+-------+-------+-------++-------
  Melee: Dagger            |    14 |       |       ||    14
         Bite              |     1 |    14 |     2 ||    17
         Mace              |       |    42 |    16 ||    58
   Cast: Poisonous Vapours |       |     2 |     6 ||     8
         Stone Arrow       |       |       |    14 ||    14
  Evoke: Wand              |     5 |     2 |     2 ||     9
    Use: Potion            |       |     3 |     4 ||     7
         Scroll            |       |       |     3 ||     3
   Stab: Distracted        |       |     1 |       ||     1
         Invisible         |       |       |     1 ||     1
 Armour: Robe              |     2 |    13 |     6 ||    21
  Dodge: Dodged            |     6 |    21 |    22 ||    49
  Block: Buckler           |     3 |    25 |    11 ||    39

Table legend: (Time is in decaauts)
 A = Elapsed time spent in this place.
 B = Non-inter-level travel time spent in this place.
 C = Inter-level travel time spent in this place.
 D = Time resting spent in this place.
 E = Time spent auto-exploring this place.
 F = Levels seen in this place.
 G = Mean time per level.
                   A        B        C        D        E       F      G
               +--------+--------+--------+--------+--------+-----+--------+
         Total |    570 |    570 |      0 |      7 |    107 |   1 |  570.0 |
       Dungeon |    570 |    570 |      0 |      7 |    107 |   1 |  570.0 |
               +--------+--------+--------+--------+--------+-----+--------+

Top non-repeatable levels by time:
       D: 570 daAuts
